 Dungeon Crawl Stone Soup version 0.31-a0-675-g238779eb0a (webtiles) character file.

Game seed: 11967035471319269434

50 qw the Shooter (level 3, -10/23 HPs)
             Began as a Gargoyle Hunter on Sept 5, 2023.
             Mangled by a gnoll
             ... wielding a +0 halberd
              (12 damage)
             ... on level 2 of the Dungeon.
             The game lasted 00:00:30 (1073 turns).

qw the Shooter (Gargoyle Hunter)                    Turns: 1073, Time: 00:00:31

Health: -10/23     AC:  6    Str: 14    XL:     3   Next: 79%
Magic:  3/3        EV: 11    Int:  9    God:
Gold:   87         SH:  0    Dex: 15    Spells: 2/2 levels left

rFire   . . .        Y - +0 shortbow
rCold   + . .        (shield currently unavailable)
rNeg    + . .        c - +0 leather armour
rPois   inf          (no helmet)
rElec   +            (no cloak)
rCorr   +            (no gloves)
SInv    .            (no boots)
Will    .....        (no amulet)
Stlth   ++           e - ring of protection from cold
HPRegen 0.23/turn    h - ring of resist corrosion
MPRegen 0.08/turn

%: no passive effects
@: no status effects
A: sickness immunity, AC +3, negative energy resistance 1, electricity
resistance, torment resistance 1, petrification resistance
a: no special abilities


You were on level 2 of the Dungeon.
You visited 1 branch of the dungeon, and saw 2 of its levels.

You collected 87 gold pieces.


Innate Abilities, Weirdness & Mutations

You are immune to sickness and miasma.
Your stone body is resilient. (AC +3)
You are immune to poison.
You resist negative energy. (rN+)
You are resistant to electric shocks. (rElec)
You are resistant to unholy torment.
You are immune to petrification.


   Skills:
 - Level 3.0 Fighting
 + Level 5.0 Ranged Weapons
 - Level 1.5 Dodging
 - Level 1.1 Stealth


You had 2 spell levels left.
You didn't know any spells.
Your spell library was empty.

Inventory:

Hand Weapons
 Y - a +0 shortbow (weapon)
Armour
 b - a +0 ring mail
 c - a +0 leather armour (worn)
Jewellery
 a - an amulet of reflection
 e - a ring of protection from cold (left hand)
 h - a ring of resist corrosion (right hand)
Scrolls
 d - a scroll of revelation {unknown}
 f - a scroll of identify
Potions
 g - a potion of heal wounds {unknown}
 i - a potion of curing {unknown}

Dungeon Overview and Level Annotations

Branches:
Dungeon (2/15)

Altars:
Makhleb


Message History

Enter note:
Enter note:
Enter note:
1066 |||
Found retreat position at -6,-5 (floor) with 0 blocking monsters and 2 monsters attacking at destination at distance 7
Enter note:
Enter note:
Enter note: You rip the net and break free!
The gnoll hits you with a +0 flail!
You shoot an arrow. The arrow barely misses the gnoll.
The gnoll hits you with a +0 flail.
You shoot an arrow.
The arrow hits the gnoll but does no damage.
The gnoll is lightly wounded.
The gnoll hits you with a +0 flail.
You shoot an arrow. The arrow closely misses the gnoll.
The arrow barely misses the gnoll.
The gnoll closely misses you.
The gnoll hits you from afar with a +0 halberd.
1070 |||
Found retreat position at -6,-5 (floor) with 0 blocking monsters and 2 monsters attacking at destination at distance 7
1070 ||| Stepping ~*~*~tactically~*~*~ (retreating).
The gnoll attacks as it pursues you!
The gnoll hits you from afar with a +0 halberd.
Enter note:
Enter note:
Enter note:
1071 |||
Found retreat position at -5,-4 (floor) with 0 blocking monsters and 2 monsters attacking at destination at distance 6
1071 ||| Stepping ~*~*~tactically~*~*~ (retreating).
The gnoll attacks as it pursues you! The gnoll barely misses you.
Enter note:
Enter note:
Enter note:
1072 |||
Found retreat position at -4,-3 (floor) with 0 blocking monsters and 2 monsters attacking at destination at distance 5
1072 ||| Stepping ~*~*~tactically~*~*~ (retreating).
The gnoll attacks as it pursues you! The gnoll barely misses you.
You shoot an arrow. The arrow hits the gnoll!
The gnoll is severely wounded.
The gnoll hits you from afar with a +0 halberd!
Ouch! That really hurt!
You die...

#..# #..# #..# #..#77
#..%.77
########..#7.7777777
..........#77......777777
.#######.## 7777777.7...7
#...@.# 77.77.. #.##g.##


777777 # #.<.g#### ##...!..# #............# .....#######.g.. ####. .## #. #. You
could see 2 gnolls.

Vanquished Creatures
  A dart slug (D:2)
  5 ball pythons
  5 bats
  3 endoplasms (D:1)
  A giant cockroach (D:2)
  4 goblins
  7 hobgoblins
  4 jackals
  4 kobolds
  A quokka (D:1)
  A frilled lizard (D:1)
  5 rats
41 creatures vanquished.

Notes
Turn   | Place    | Note
-------+----------+-------------------------------------------
     0 | D:1      | qw the Gargoyle Hunter began the quest for the Orb.
     0 | D:1      | Reached XP level 1. HP: 12/12 MP: 1/1
     0 | D:1      | 0 ||| qw: Version: 0.3-a-75-g829b12e
     0 | D:1      | 0 ||| qw: Game counter: 124
     0 | D:1      | 0 ||| qw: Melee chars always use a shield: true
     0 | D:1      | 0 ||| qw: God list: Okawaru
     0 | D:1      | 0 ||| qw: Allow faded altars: false
     0 | D:1      | 0 ||| qw: Do Orc after clearing Dungeon:15 true
     0 | D:1      | 0 ||| qw: Do second Lair branch before Depths: true
     0 | D:1      | 0 ||| qw: Lair rune preference: random
     0 | D:1      | 0 ||| qw: Goals: Normal
     0 | D:1      | 0 ||| PLANNING D:1-11
    50 | D:1      | Reached XP level 2. HP: 11/17 MP: 2/2
    95 | D:1      | HP: 4/17 [rat (2)]
   217 | D:1      | Found a faded altar of an unknown god.
   474 | D:1      | Reached XP level 3. HP: 21/21 MP: 3/3
   572 | D:1      | Reached skill level 5 in Ranged Weapons
   734 | D:1      | 734 ||| UPGRADING to ring of protection from cold.
   735 | D:1      | 735 ||| UPGRADING to ring of resist corrosion.
   736 | D:1      | 736 ||| READING scroll labelled FOBANITTUA.
   739 | D:1      | 739 ||| READING scroll labelled GOXTOH OFFOEDU.
   740 | D:1      | 740 ||| DROPPING scroll of butterflies.
   908 | D:2      | Found a burning altar of Makhleb.
   967 | D:2      | 967 ||| FLEEEEING.
   968 | D:2      | 968 ||| FLEEEEING.
  1031 | D:2      | Reached skill level 3 in Fighting
  1070 | D:2      | 1070 ||| Stepping ~*~*~tactically~*~*~ (retreating).
  1070 | D:2      | HP: 2/23 [gnoll/+0 halberd (5)]
  1071 | D:2      | 1071 ||| Stepping ~*~*~tactically~*~*~ (retreating).
  1072 | D:2      | 1072 ||| Stepping ~*~*~tactically~*~*~ (retreating).
  1073 | D:2      | Mangled by a gnoll

Levels and vault maps discovered:
D:1:      roderic_dead_forest, layout_loops_ring,
          shapermc_ecumenical_altar_starsandcircs, minmay_pentomino_s2
D:2:      kb_forest_paths, layout_basic, basic_altar, grunt_ministairs_12,
          minmay_split_cup_large

Skill      XL: |  1  2  3 |
---------------+----------+-----
Ranged Weapons | 5 |  5.0
Fighting       | 3 |  3.0
Dodging        | |  1.5
Stealth        | |  1.1

Action                     || total
---------------------------++-------
   Fire: Shortbow          ||   122
    Use: Scroll            ||     2
 Armour: Leather armour    ||    39
  Dodge: Dodged            ||    32

Table legend:
 A = Non-vault XP
 B = Vault XP
 C = Vault XP percentage of total XP
 D = Non-vault monster count
 E = Vault monster count
 F = Vault count percentage of total count
                 A         B        C        D         E       F
            +---------+---------+-------+---------+---------+-------
      Total |      65 |       7 |   9.7 |      38 |       3 |   7.3
            +---------+---------+-------+---------+---------+-------
        D:1 |      37 |       3 |   7.5 |      21 |       2 |   8.7
        D:2 |      28 |       4 |  12.5 |      17 |       1 |   5.6
            +---------+---------+-------+---------+---------+-------
